 Dungeon Crawl Stone Soup version 0.22-a0-456-g11ed031 (webtiles) character file.

48 n0claF the Cudgeler (level 3, -1/27 HPs)
             Began as a Demonspawn Gladiator on June 6, 2018.
             Slain by a worm (4 damage)
             ... on level 2 of the Dungeon.
             The game lasted 00:04:36 (1086 turns).

n0claF the Cudgeler (Demonspawn Gladiator)          Turns: 1086, Time: 00:04:37

Health: -1/27      AC:  6    Str: 15    XL:     3   Next: 50%
Magic:  3/3        EV: 13    Int:  9    God:
Gold:   15         SH:  0    Dex: 14    Spells: 2/2 levels left

rFire    . . .     SeeInvis .   a - +0 flail
rCold    . . .     Gourm    .   (no shield)
rNeg     . . .     Faith    .   b - +0 leather armour
rPois    .         Spirit   .   j - +1 helmet
rElec    .         Reflect  .   (no cloak)
rCorr    .         Harm     .   k - +0 pair of gloves
MR       .....                  (no boots)
Stlth    +.........             (no amulet)
HPRegen  0.09/turn              (no ring)
MPRegen  0.08/turn              (no ring)

@: no status effects
A: powered by death 1, spiny 1
a: no special abilities


You were on level 2 of the Dungeon.
You were hungry.

You visited 1 branch of the dungeon, and saw 2 of its levels.

You collected 15 gold pieces.

Inventory:

Hand Weapons
 a - a +0 flail (weapon)
Missiles
 d - 3 throwing nets (quivered)
Armour
 b - a +0 leather armour (worn)
 j - a +1 helmet (worn)
 k - a +0 pair of gloves (worn)
Jewellery
 l - a cursed ring of loudness {unknown}
 o - an uncursed ring of see invisible {unknown}
Scrolls
 c - a scroll of enchant armour {unknown}
 e - 2 scrolls of remove curse {unknown}
 g - a scroll of immolation {unknown}
 h - 4 scrolls of identify {unknown}
 n - a scroll of teleportation {unknown}
 p - a scroll of fog {unknown}
 q - a scroll of amnesia {unknown}
Potions
 i - a potion of invisibility {unknown}
 m - a potion of haste {unknown}
 r - a potion of magic {unknown}
Comestibles
 f - 6 rations


   Skills:
 + Level 2.2 Fighting
 + Level 3.3 Maces & Flails
 - Level 1.9 Throwing
 + Level 0.4 Armour
 + Level 3.2 Dodging


You had 2 spell levels left.
You didn't know any spells.
Your spell library was empty.

Dungeon Overview and Level Annotations

Branches:
Dungeon (2/15)

Altars:


Innate Abilities, Weirdness & Mutations

You regenerate a little health from kills.
You are partially covered in sharp spines.


Message History

The worm is moderately wounded.
You hit the worm but do no damage.
The worm is moderately wounded.
The worm bites you!
You are too injured to fight recklessly!
You are too injured to fight recklessly!
You are too injured to fight recklessly!
You barely miss the worm.
The worm is moderately wounded.
The worm is struck by your spines. The worm completely misses you.
You hit the worm.
The worm is heavily wounded.
The worm is struck by your spines. The worm bites you!
* * * LOW HITPOINT WARNING * * *
You barely miss the worm.
The worm is severely wounded.
You hit the worm but do no damage.
The worm is severely wounded.
The worm is struck by your spines. The worm bites you.
You die...

..# ... ..
#.# .. ...
.# #.# ###
#.#
..#####.#
..##..#
#......w#
....#
#@#####..#
#........#
#.######.#
#..# #.#
#..## #.#
#.# #.# #.
###.# #.
#...#
##.....
#.###


You could see a worm.

Vanquished Creatures
  2 oozes (D:1)
  9 bats
  2 giant cockroaches
  7 goblins
  A hobgoblin (D:2)
  4 jackals (D:1)
  2 ball pythons
  4 frilled lizards
  7 kobolds
  3 rats
41 creatures vanquished.

Notes
Turn   | Place    | Note
-------+----------+-------------------------------------------
     0 | D:1      | n0claF the Demonspawn Gladiator began the quest for the Orb.
     0 | D:1      | Reached XP level 1. HP: 16/16 MP: 1/1
    81 | D:1      | Gained mutation: You regenerate a little health from kills. [demonic ancestry]
    81 | D:1      | Reached XP level 2. HP: 7/22 MP: 2/2
   673 | D:1      | Gained mutation: You are partially covered in sharp spines. [demonic ancestry]
   673 | D:1      | Reached XP level 3. HP: 26/27 MP: 3/3
  1086 | D:2      | Slain by a worm

Vault maps used:
D:1:      eino_arrival_cavern_e, kennysheep_decorative_pillar
D:2:      minmay_wonky_spiral

Skill      XL: |  1  2 |
---------------+-------+-----
Dodging        | 3 |  3.2
Maces & Flails | 3 |  3.3
Fighting       | |  2.2
Throwing       | |  1.9
Armour         | |  0.4

Action                   || total
-------------------------++-------
Melee: Flail             ||   109
 Stab: Sleeping          ||     1
Armor: Leather armour    ||    40
Dodge: Dodged            ||    86

Table legend:
 A = Spawn XP
 B = Non-spawn XP
 C = Spawn XP percentage of total XP
 D = Spawn monster count
 E = Non-spawn monster count
 F = Spawn count percentage of total count
 G = Total turns spent on level
                    A         B        C        D         E        F      G
               +---------+---------+-------+---------+---------+-------+---------
         Total |       0 |      69 |   0.0 |       0 |      41 |   0.0 |  1086
               +---------+---------+-------+---------+---------+-------+---------
           D:1 |       0 |      55 |   0.0 |       0 |      30 |   0.0 |  1014
           D:2 |       0 |      14 |   0.0 |       0 |      11 |   0.0 |    72
               +---------+---------+-------+---------+---------+-------+---------
